 Dungeon Sprint DCSS version 0.25.1-8-g42b30a86e7 (webtiles) character file.

Game seed: 14214222745996510413

4100000 jbtxwes the Axe Maniac (level 27, -76/249 HPs)
             Began as a Formicid Fighter on Dec 11, 2020.
             Was the Champion of Makhleb.
             Annihilated by a sculptor of flesh
             ... wielding a +9 great sword
              (246 damage)
             ... in the Dungeon (Sprint VIII: "Arena of Blood").
             The game lasted 00:05:31 (41 turns).

jbtxwes the Axe Maniac (Formicid Fighter)             Turns: 41, Time: 00:05:32

Health: -76/249    AC: 13    Str: 33    XL:     27
Magic:  21/54      EV: 24    Int:  9    God:    Makhleb [******]
Gold:   0          SH: 19    Dex: 10    Spells: 80/80 levels left

rFire    . . .     SeeInvis +   k - +∞ Axe of Woe
rCold    . . .     Gourm    .   b - +0 kite shield
rNeg     . . .     Faith    .   a - +0 scale mail
rPois    .         Spirit   .   (helmet unavailable)
rElec    .         Reflect  .   (no cloak)
rCorr    .         Harm     .   (no gloves)
MR       ++...                  (no boots)
Stlth    ++++++++..             (no amulet)
HPRegen  0.51/turn              (no ring)
MPRegen  0.34/turn              (no ring)

@: no status effects
A: permanent stasis, dig shafts and tunnels, four strong arms, antennae 3
a: Dig, Minor Destruction, Lesser Servant of Makhleb, Major Destruction, Greater
Servant of Makhleb, Renounce Religion


You were in the Dungeon.
You worshipped Makhleb.
Makhleb was exalted by your worship.
You were not hungry.

You visited 1 branch

Inventory:

Hand Weapons
 k - the +∞ Axe of Woe (weapon)
   (You found it in the Dungeon)
Armour
 a - a +0 scale mail (worn)
 b - a +0 kite shield (worn)
Scrolls
 j - a scroll of blinking
Potions
 c - a potion of might
 e - a potion of curing
 f - a potion of heal wounds
 g - a potion of haste
 h - 2 potions of magic
 i - a potion of berserk rage
Comestibles
 d - a ration


   Skills:
 O Level 27 Fighting
 O Level 27 Axes
 O Level 27 Throwing
 O Level 27 Armour
 O Level 27 Dodging
 O Level 27 Stealth
 O Level 27 Shields
 O Level 27 Unarmed Combat
 O Level 27 Spellcasting
 O Level 27 Invocations


You had 80 spell levels left.
You didn't know any spells.
Your spell library was empty.

Dungeon Overview and Level Annotations

Branches:
Dungeon (1/1)

Altars:
Makhleb


Innate Abilities, Weirdness & Mutations

You cannot be hasted, slowed, berserked, paralysed or teleported.
You can dig through walls and to a lower floor.
Your four strong arms can wield two-handed weapons with a shield.
You have a pair of large antennae on your head. (SInv)


Message History

The crawling corpse is destroyed!
The bag of meat is engulfed in blazing flames.
You hear a shout! 2 crawling corpses come into view.
An orc and a vampire knight come into view.
The destroyer is wielding a +9 vorpal great sword.
The destroyer shouts!
The bag of meat shouts! x2
The destroyer is engulfed in blazing flames.
The destroyer blinks!
A bag of meat comes into view. It is wielding a +9 war axe.
You hear a shout! x2
A bag of meat comes into view. It is wielding a +9 war axe.
A sculptor of flesh comes into view. It is wielding a +9 great sword.
The large bag of meat is engulfed in blazing flames.
A destroyer comes into view. It is wielding a +9 vorpal great sword.
A bag of meat comes into view. It is wielding a +9 war axe.
The large abomination is engulfed in blazing flames.
The sculptor of flesh hits you with a +9 great sword!!!!!
Ouch! That really hurt!
You die...

.%.....#.... #.......#{
....#......###.......##
...%..x..))°☼...###....
#.......#)O○○.V.._.....
#..z.%#.o§o))°#.....#
###..%X§)§)X°#_.<._#
.##....#oX§§)))#.....#.
#......)O#§X.x.).._.....
#.....o@.xOx..)..###....
ooo..o.oz...###.......##
oV....o.......#.......#{
..o.......%...#§......#
o...o#O....V...........
o...#.#.#..............
...O.#.#...............
#.z # #...V..


You could see 3 destroyers, 3 sculptors of flesh, 4 large bags of meat, 3 large
abominations, a meat berserker (berserk), 2 small abominations, 15 bags of meat
and a crawling corpse.

Vanquished Creatures
  4 vampire knights (D)
  13 ogres (D)
  6 two-headed ogres (D)
  27 orcs (D)
  A skeletal warrior (D)
  A small abomination (D)
52 creatures vanquished.

Vanquished Creatures (others)
  2 crawling corpses (D)
2 creatures vanquished.

Grand Total: 54 creatures vanquished

Notes
Turn   | Place    | Note
-------+----------+-------------------------------------------
     0 | D        | Found the +∞ Axe of Woe
     0 | D        | jbtxwes the Formicid Fighter began the quest for the Orb.
     0 | D        | Reached XP level 1. HP: 18/18 MP: 1/1
     4 | D        | Became a worshipper of Makhleb the Destroyer
     5 | D        | Noticed a bag of meat
     6 | D        | Noticed a bag of meat
     6 | D        | Noticed a bag of meat
     6 | D        | Noticed a meat berserker
     8 | D        | Killed a meat berserker
     8 | D        | Reached skill level 27 in Axes
     8 | D        | Reached XP level 2. HP: 24/24 MP: 2/2
     8 | D        | Reached XP level 3. HP: 29/29 MP: 3/3
     8 | D        | Reached XP level 4. HP: 35/35 MP: 4/4
     8 | D        | Reached XP level 5. HP: 41/41 MP: 5/5
     8 | D        | Reached XP level 6. HP: 47/47 MP: 6/6
     8 | D        | Reached XP level 7. HP: 52/52 MP: 7/7
     8 | D        | Reached XP level 8. HP: 58/58 MP: 8/8
     8 | D        | Reached XP level 9. HP: 64/64 MP: 9/9
     8 | D        | Reached XP level 10. HP: 70/70 MP: 10/10
     8 | D        | Reached XP level 11. HP: 75/75 MP: 11/11
     8 | D        | Reached XP level 12. HP: 81/81 MP: 12/12
     8 | D        | Reached XP level 13. HP: 86/86 MP: 13/13
     8 | D        | Killed a bag of meat
     8 | D        | Reached * piety under Makhleb
     8 | D        | Reached XP level 14. HP: 93/93 MP: 13/29
     8 | D        | Noticed a meat berserker
     9 | D        | Killed a bag of meat
     9 | D        | Reached skill level 27 in Invocations
     9 | D        | Reached skill level 5 in Fighting
     9 | D        | Reached XP level 15. HP: 103/103 MP: 13/32
     9 | D        | Noticed a meat berserker
    12 | D        | Noticed a meat berserker
    12 | D        | Noticed a meat berserker
    13 | D        | Killed a meat berserker
    13 | D        | Reached ** piety under Makhleb
    13 | D        | Reached XP level 16. HP: 161/161 MP: 14/33
    13 | D        | Noticed a meat berserker
    13 | D        | Noticed a meat berserker
    15 | D        | Killed a meat berserker
    15 | D        | Reached skill level 27 in Fighting
    15 | D        | Reached XP level 17. HP: 109/174 MP: 14/34
    16 | D        | Noticed a meat berserker
    16 | D        | Noticed a large bag of meat
    16 | D        | Noticed a meat berserker
    17 | D        | Killed a meat berserker
    17 | D        | Reached XP level 18. HP: 115/182 MP: 15/35
    18 | D        | Noticed a destroyer
    19 | D        | Killed a meat berserker
    19 | D        | Reached *** piety under Makhleb
    19 | D        | Noticed a large bag of meat
    19 | D        | Noticed a large bag of meat
    20 | D        | Noticed a meat berserker
    21 | D        | Noticed a large bag of meat
    21 | D        | Reached skill level 27 in Dodging
    21 | D        | Reached XP level 19. HP: 168/189 MP: 15/36
    21 | D        | Killed a meat berserker
    21 | D        | Reached **** piety under Makhleb
    21 | D        | Reached skill level 27 in Stealth
    21 | D        | Noticed a meat berserker
    22 | D        | Killed a destroyer
    22 | D        | Reached XP level 20. HP: 197/197 MP: 16/37
    22 | D        | Killed a meat berserker
    22 | D        | Reached skill level 27 in Armour
    22 | D        | Killed a large bag of meat
    22 | D        | Reached skill level 27 in Shields
    22 | D        | Reached XP level 21. HP: 204/204 MP: 16/38
    23 | D        | Reached ***** piety under Makhleb
    23 | D        | Killed a large bag of meat
    23 | D        | Reached XP level 22. HP: 212/212 MP: 16/39
    24 | D        | Killed a large bag of meat
    24 | D        | Reached skill level 27 in Throwing
    25 | D        | Killed a meat berserker
    25 | D        | Reached skill level 27 in Unarmed Combat
    25 | D        | Reached XP level 23. HP: 219/219 MP: 16/41
    25 | D        | Noticed a large bag of meat
    25 | D        | Noticed a destroyer
    26 | D        | Reached ****** piety under Makhleb
    26 | D        | Reached skill level 27 in Spellcasting
    26 | D        | Reached XP level 24. HP: 227/227 MP: 16/54
    28 | D        | Reached XP level 25. HP: 234/234 MP: 17/54
    29 | D        | Noticed a destroyer
    30 | D        | Killed a destroyer
    30 | D        | Killed a destroyer
    30 | D        | Reached XP level 26. HP: 242/242 MP: 17/54
    31 | D        | Noticed a destroyer
    31 | D        | Killed a large bag of meat
    31 | D        | Reached XP level 27. HP: 249/249 MP: 18/54
    31 | D        | Noticed a large bag of meat
    32 | D        | Noticed a destroyer
    32 | D        | Noticed a large bag of meat
    33 | D        | Killed a destroyer
    35 | D        | Noticed a large bag of meat
    35 | D        | Noticed a large bag of meat
    37 | D        | Killed a large bag of meat
    40 | D        | Killed a large bag of meat
    40 | D        | Noticed a destroyer
    40 | D        | Noticed a large bag of meat
    41 | D        | Noticed a destroyer
    41 | D        | Noticed a destroyer
    41 | D        | Annihilated by a sculptor of flesh

Illustrated notes

Levels and vault maps discovered:
D:        meatsprint

Skill      XL: |  1  2  3  4  5  6  7  8  9 10 11 12 13 14 15 16 17 18 19 20 21 22 23 |
---------------+----------------------------------------------------------------------+-----
Axes           | 27 | 27.0
Invocations    | 23 27 | 27.0
Fighting       | 5 24 27 | 27.0
Dodging        | 14 22 27 | 27.0
Stealth        | 16 27 | 27.0
Armour         | 26 27 | 27.0
Shields        | 27 | 27.0
Throwing       | 12 23 27 | 27.0
Unarmed Combat | 27 | 27.0
Spellcasting   | 14 27 | 27.0

Action                   |  1- 3 |  4- 6 |  7- 9 | 10-12 | 13-15 | 16-18 | 19-21 | 22-24 | 25-27 || total
-------------------------+-------+-------+-------+-------+-------+-------+-------+-------+-------++-------
Melee: Executioner's axe |     1 |       |       |       |     3 |     4 |     2 |     5 |     7 ||    22
Armor: Scale mail        |       |       |       |       |       |       |       |       |     1 ||     1
Dodge: Dodged            |       |       |       |       |       |     1 |       |       |       ||     1
Block: Kite shield       |       |       |       |       |     2 |       |       |       |     2 ||     4
